 Dungeon Crawl Stone Soup version 0.32-a0-913-g739538afd8 (webtiles) character file.

Game seed: 12588314230298660665

723 PriceMaster the Magician (level 7, 0/32 HPs)
             Began as a Spriggan Earth Elementalist on Apr 10, 2024.
             Slain by an orc
             ... wielding a +0 short sword
              (1 damage)
             ... on level 5 of the Dungeon.
             The game lasted 00:05:39 (4766 turns).

PriceMaster the Magician (SpEE)                     Turns: 4766, Time: 00:05:40

Health: 0/32       AC:  2    Str:  4    XL:     7   Next: 43%
Magic:  10/17      EV: 17    Int: 19    God:
Gold:   236        SH:  0    Dex: 15    Spells: 18/19 levels left

rFire   . . .        f - +0 spear
rCold   . . .        (no shield)
rNeg    . . .        a - +0 robe
rPois   .            (helmet restricted)
rElec   .            (no cloak)
rCorr   .            (gloves unavailable)
SInv    +            (boots unavailable)
Will    +....        (no amulet)
Stlth   +++          i - ring of wizardry
HPRegen 0.25/turn    (no ring)
MPRegen 0.15/turn

%: wizardry (x1)
@: very quick
A: very small, no large weapons, unfitting armour, see invisible, speed 3
a: no special abilities


You were on level 5 of the Dungeon.
You visited 1 branch of the dungeon, and saw 6 of its levels.

You collected 236 gold pieces.

Inventory:

Hand Weapons
 f - a +0 spear (weapon)
 o - a +0 dagger of venom
Armour
 a - a +0 robe (worn)
Jewellery
 i - a ring of wizardry (left hand)
 j - a ring of protection from fire
Scrolls
 d - a scroll of amnesia
 l - a scroll of noise
Potions
 b - 2 potions of magic
 e - a potion of haste
 g - 2 potions of heal wounds {unknown}
 k - 2 potions of enlightenment {unknown}
 m - 2 potions of curing {unknown}
 n - 2 potions of mutation {unknown}
 q - a potion of might {unknown}


   Skills:
 + Level 0.5 Fighting
 + Level 1.4 Polearms
 + Level 4.4 Dodging
 + Level 4.0 Stealth
 + Level 6.6 Spellcasting
 + Level 0.7 Conjurations
 + Level 5.2 Earth Magic


You had 18 spell levels left.
You knew the following spells:

 Your Spells              Type           Power      Damage    Failure   Level
a - Sandblast             Erth           52%        2d12      1%          1

Your spell library contained the following spells:

 Spells                   Type           Power      Damage    Failure   Level
 Passwall                 Erth           26%        N/A       1%          3
 Stone Arrow              Conj/Erth      34%        3d9       4%          3
 Brom's Barrelling Bould  Conj/Erth      17%        2d4       12%         4
 Petrify                  Alch/Erth      16%        N/A       14%         4


Dungeon Overview and Level Annotations

Branches:
Dungeon (6/15)
 Temple: D:4-7

Altars:
Ashenzari
Cheibriados
Nemelex Xobeh
Okawaru
Ru
Vehumet
Wu Jian
Xom
Zin


Innate Abilities, Weirdness & Mutations

You are very small and have problems with some larger weapons.
You are too small for most types of armour.
You have supernaturally acute eyesight. (SInv)
You cover ground extremely quickly. (Speed+++)


Message History

The blast of sand hits the gnoll!
The gnoll is almost dead.
The gnoll sergeant shouts!
You hear a shout!
Casting: Sandblast (safe; 1% risk of failure)
Confirm with . or Enter, or press ? or * to list all spells.
Aiming: Sandblast (safe; 1% risk of failure)
Press: ? - help, Shift-Dir - straight line, f/p - gnoll
Aim: a gnoll, wielding a +0 flail (almost dead, 85% to hit)
The blast of sand hits the gnoll!
You kill the gnoll!
Casting: Sandblast (safe; 1% risk of failure)
Confirm with . or Enter, or press ? or * to list all spells.
You don't know that spell.
Sorry, you're not good enough to have a special ability.
Casting: Sandblast (safe; 1% risk of failure)
Confirm with . or Enter, or press ? or * to list all spells.
Aiming: Sandblast (safe; 1% risk of failure)
Press: ? - help, Shift-Dir - straight line, f - orc
Aim: an orc, wielding a +0 dagger (83% to hit)
The blast of sand hits the orc!
You kill the orc!
Casting: Sandblast (safe; 1% risk of failure)
Confirm with . or Enter, or press ? or * to list all spells.
Aiming: Sandblast (safe; 1% risk of failure)
Press: ? - help, Shift-Dir - straight line, f - orc
Aim: an orc, wielding a +0 short sword and wearing a +0 chain mail (87% to hit)
The blast of sand misses the orc.
Unknown command.
Casting: Sandblast (safe; 1% risk of failure)
Confirm with . or Enter, or press ? or * to list all spells.
Aiming: Sandblast (safe; 1% risk of failure)
Press: ? - help, Shift-Dir - straight line, f/p - orc
Aim: an orc, wielding a +0 short sword and wearing a +0 chain mail (87% to hit)
The blast of sand hits the orc.
The orc is lightly wounded.
The orc misses you.
The gnoll sergeant hits you from afar with a +0 spear!
* * * LOW HITPOINT WARNING * * *
The orc hits you with a +0 short sword.
You die...

#.#+#
###.#
#...#
##.#.#
####..#+#
##.g..##
##.g##+#
#.o.#
#@#+# #.#
#.# #..
##. .. ##


You could see a gnoll sergeant, a gnoll and an orc.

Vanquished Creatures
  A black bear (D:4)
  An ogre (D:4)
  A phantom (D:4)
  A water moccasin zombie (D:3)
  The ghost of olmar the Cudgeller, a weakling MDMo (D:3)
  2 bombardier beetles
  2 centaur skeletons (D:3)
  A sleepcap (D:5)
  An iguana (D:4)
  2 orc wizards (D:4)
  2 gnolls (D:5)
  6 adders
  3 dart slugs (D:2)
  3 orcs
  12 ball pythons
  8 endoplasms
  2 giant cockroaches
  4 goblins
  5 hobgoblins
  4 quokkas
  2 bats (D:2)
  5 frilled lizards
  6 kobolds
  6 rats
81 creatures vanquished.

Notes
Turn   | Place    | Note
-------+----------+-------------------------------------------
     0 | D:1      | PriceMaster the Spriggan Earth Elementalist began the quest
                  | for the Orb.
     0 | D:1      | Reached XP level 1. HP: 9/9 MP: 5/5
   291 | D:1      | Reached XP level 2. HP: 13/13 MP: 4/6
   438 | D:1      | Reached skill level 3 in Spellcasting
  1074 | D:2      | Reached XP level 3. HP: 8/16 MP: 6/8
  1486 | D:2      | Found a faded altar of an unknown god.
  2064 | D:3      | Reached XP level 4. HP: 13/21 MP: 6/10
  2160 | D:3      | Reached skill level 4 in Spellcasting
  2221 | D:3      | Found an ornate altar of the Wu Jian Council.
  2221 | D:3      | Found a broken altar of Ashenzari.
  2221 | D:3      | Found a glowing silver altar of Zin.
  2221 | D:3      | Found an iron altar of Okawaru.
  2222 | D:3      | Found a sparkling altar of Nemelex Xobeh.
  2222 | D:3      | Found a radiant altar of Vehumet.
  2224 | D:3      | Found a sacrificial altar of Ru.
  2224 | D:3      | Found a snail-covered altar of Cheibriados.
  2224 | D:3      | Found a shimmering altar of Xom.
  2845 | D:3      | Found a runed translucent gate.
  2845 | D:3      | Found a runed translucent gate.
  2845 | D:3      | Found a runed translucent gate.
  2851 | D:3      | Noticed olmar's ghost (weakling MDMo)
  2880 | D:3      | Reached XP level 5. HP: 23/24 MP: 9/12
  2907 | D:3      | Reached skill level 5 in Spellcasting
  3022 | D:3      | Killed olmar's ghost
  3210 | D:4      | Reached skill level 1 in Polearms
  3210 | D:4      | Reached XP level 6. HP: 24/28 MP: 14/14
  3707 | D:4      | Reached skill level 6 in Spellcasting
  3707 | D:4      | Reached XP level 7. HP: 8/32 MP: 8/17
  3883 | D:4      | Reached skill level 5 in Earth Magic
  4439 | D:5      | Entered Level 5 of the Dungeon
  4766 | D:5      | HP: 1/32 [gnoll sergeant/+0 spear (8)]
  4766 | D:5      | Slain by an orc

Illustrated notes

Levels and vault maps discovered:
D:1:      dpeg_arrival_yet_another_circle, layout_basic
D:2:      layout_basic, nicolae_ecumenical_snake_handling,
          minmay_fractal_squares_5
D:3:      layout_basic, nicolae_overflows_in_rows, gammafunk_ghost_necromancy
D:4:      layout_loops_ring
D:5:      nicolae_cairo_tiling_large, layout_basic, kennysheep_small_circle
D:6:      layout_basic, minmay_temple_entry_glass, uniq_prince_ribbit1

Skill      XL: |  1  2  3  4  5  6  7 |
---------------+----------------------+-----
Earth Magic    | 3 4 5 |  5.2
Spellcasting   | 3 4 5 6 |  6.6
Dodging        | 3 4 |  4.4
Polearms       | 1 |  1.4
Stealth        | 4 |  4.0
Fighting       | |  0.5
Conjurations   | |  0.7

Action                     |  1- 3 |  4- 6 |  7- 9 || total
---------------------------+-------+-------+-------++-------
  Melee: Spear             |    64 |    15 |    30 ||   109
   Cast: Sandblast         |    43 |    54 |    29 ||   126
    Use: Scroll            |       |     1 |     6 ||     7
   Stab: Sleeping          |     5 |       |     2 ||     7
 Armour: Robe              |    36 |    15 |    18 ||    69
  Dodge: Dodged            |    53 |    34 |    39 ||   126

Table legend: (Time is in decaauts)
 A = Elapsed time spent in this place.
 B = Non-inter-level travel time spent in this place.
 C = Inter-level travel time spent in this place.
 D = Time resting spent in this place.
 E = Time spent auto-exploring this place.
 F = Levels seen in this place.
 G = Mean time per level.
                   A        B        C        D        E       F      G
               +--------+--------+--------+--------+--------+-----+--------+
         Total |   3585 |   3491 |     94 |    487 |   2405 |   6 |  597.5 |
       Dungeon |   3585 |   3491 |     94 |    487 |   2405 |   6 |  597.5 |
               +--------+--------+--------+--------+--------+-----+--------+

Top non-repeatable levels by time:
     D:4: 983 daAuts
     D:3: 846 daAuts
     D:1: 756 daAuts
     D:2: 704 daAuts
     D:6: 189 daAuts
     D:5: 104 daAuts
